 Dungeon Sprint DCSS version 0.26-a0-695-g987792ac36 (webtiles) character file.

Game seed: 17858327390886933742

9859 olmar the Metallomancer (level 11, -1/72 HPs)
             Began as a Deep Dwarf Earth Elementalist on Oct 25, 2020.
             Was an Initiate of Gozag.
             Slain by a demonic crawler (3 damage)
             ... in the Dungeon (Sprint I: "Red Sonja").
             The game lasted 00:08:11 (1637 turns).

olmar the Metallomancer (DDEE)                      Turns: 1637, Time: 00:08:12

Health: -1/72      AC:  3    Str:  6 (7)  XL:     11   Next: 28%
Magic:  29/29      EV: 12    Int: 17      God:    Gozag
Gold:   1653       SH:  0    Dex: 11      Spells: 31/41 levels left

rFire    + . .     SeeInvis .   o - +9 war axe of Symmetry {drain, rElec rF+ Str-4}
rCold    . . .     Faith    .   (no shield)
rNeg     . . .     Spirit   .   c - +0 robe
rPois    .         Reflect  .   n - +0 helmet {Int+3}
rElec    +         Harm     .   (no cloak)
rCorr    .         Rampage  .   (no gloves)
MR       +....     Rnd*Rage +   (no boots) Stlth ++........NoTele +
                                l - amulet of magic regeneration
HPRegen  0.00/turn              (no ring)
MPRegen  0.46/turn              (no ring)

@: non-regenerating
A: damage resistance, heal wounds, berserk 1, blurry vision 3, clumsy 1,
deformed body, deterioration 1, dopey 2, frail 1, sense surroundings 2,
screaming 1, shaggy fur 1, weak 1, no potion heal 1, subdued magic 1, no
regeneration
a: Heal Wounds, Potion Petition, Call Merchant, Bribe Branch, Renounce Religion


You were in the Dungeon.
You worshipped Gozag.
Gozag was most pleased with you.
You visited 1 branch You collected 4368 gold pieces.
You spent 2715 gold pieces at shops.

Inventory:

Hand Weapons
 o - the +9 war axe of Symmetry (weapon) {drain, rElec rF+ Str-4}
   (You found it in the Dungeon)

   A truly terrible weapon, it drains the life of those it strikes.
   It affects your strength (-4).
   It protects you from fire.
   It insulates you from electricity.
Missiles
 b - 60 stones (quivered)
Armour
 c - a +0 robe (worn)
 n - a +0 helmet of intelligence (worn)
 p - a +2 robe of cold resistance
 s - a +2 pair of boots of running
 t - the +0 pair of fencer's gloves {Riposte Dex+3}
   (You bought it in a shop in the Dungeon)

   It affects your dexterity (+3).
 u - the +1 robe "Liciubb" {Rampage Dex+4, unknown}
   (You bought it in a shop in the Dungeon)

   It affects your dexterity (+4).
   It bestows one free step when moving towards enemies.
Jewellery
 l - an amulet of magic regeneration (around neck)
Wands
 m - a wand of paralysis (10)
Scrolls
 a - a scroll of enchant armour {unknown}
 f - a scroll of enchant weapon {unknown}
 g - a scroll of identify
 i - a scroll of blinking
 j - a scroll of remove curse
 k - a scroll of fear
 v - a scroll of amnesia
Potions
 d - a potion of stabbing {unknown}
 e - 3 potions of curing
 q - a potion of flight
 r - 3 potions of heal wounds
 w - a potion of brilliance
Miscellaneous
 h - a condenser vane (1/2)


   Skills:
 - Level 2.1 Dodging
 - Level 2.4 Stealth
 + Level 15.6 Spellcasting
 + Level 1.3 Transmutations
 + Level 23.2 Earth Magic
 + Level 4.3 Evocations


You had 31 spell levels left.
You knew the following spells:

 Your Spells              Type           Power        Failure   Level
a - Sandblast             Erth           ######       0%          1
b - Lee's Rapid Deconstr  Erth           ######....   0%          5
c - Petrify               Tmut/Erth      #####...     1%          4

Your spell library contained the following spells:

 Spells                   Type           Power        Failure   Level
 Passwall                 Tmut/Erth      #####...     1%          2
 Stone Arrow              Conj/Erth      #####.       1%          3
 Foxfire                  Conj/Fire      ##..         3%          1
 Conjure Flame            Conj/Fire      ##......     12%         3
 Inner Flame              Hex/Fire       ##......     12%         3
 Sticky Flame             Conj/Fire      ##......     38%         4
 Fireball                 Conj/Fire      ##........   75%         5


Dungeon Overview and Level Annotations

Branches:
Dungeon (1/1)

Altars:
Cheibriados
Dithmenos
Elyvilon
Fedhas
Gozag
Hepliaklqana
Kikubaaqudgha
Makhleb
Nemelex Xobeh
Okawaru
Qazlal
Ru
Sif Muna
Trog
Uskayaw
Vehumet
Wu Jian
Xom
Yredelemnul
Zin
The Shining One
Jiyva
Lugonu

Shops:
D ?=[}?=([*[!*(([**:?[!


Innate Abilities, Weirdness & Mutations

You are resistant to damage.
You can heal yourself by infusing magical energy.
You passively map the area around you.
You do not regenerate.
You tend to lose your temper in combat.
Scrolls take you much longer to read.
You are clumsy. (Dex -2)
Armour fits poorly on your strangely shaped body.
Your body sometimes deteriorates upon taking damage.
You are very dopey. (Int -4)
You are frail. (-10% HP)
You occasionally shout uncontrollably at your foes.
You are covered in fur. (AC +1)
You are weak. (Str -2)
Potions are less effective at restoring your health.
Your spells are a little easier to cast, but a little less powerful.


Message History

Your body deteriorates!
You feel weakened. The demonic crawler barely misses you.
The demonic crawler hits you.
Unknown command.
You feel much better. The demonic crawler hits you.
The demonic crawler hits you! x5; The demonic crawler barely misses you.
The demonic crawler hits you. The demonic crawler hits you! x2
* * * LOW HITPOINT WARNING * * *
The demonic crawler hits you.
* * * LOW HITPOINT WARNING * * *
The demonic crawler closely misses you. The demonic crawler hits you.
* * * LOW HITPOINT WARNING * * *
The demonic crawler hits you!
* * * LOW HITPOINT WARNING * * *
The demonic crawler barely misses you.
There is an open door here.
Really read with blurry vision while enemies are nearby?
The demonic crawler hits you.
You die...
Your body crumbles into a pile of gold.

##################### **
* *
.'..#..'..#__#.)@ss.#$$*
$$
.#.))..#..'..'..#ss.#*+ $
*
###'#####'#__####..§§§§#$
, ** ,
##..#...#.####..#####§§+$
*$ * _####..##.#§§§§§#.§#
+##* ^ $ *
____##)#_.'§§§§§§..#,
*,,$*
.∩...'..._#§≈§.§#§§# $$$
* ..__##_.#'##'#####§###
, ____###'#.#(.)[###.'.#
+ *


You could see 4 demonic crawlers.

Vanquished Creatures
  2 centaur warriors (D)
  Sonja (D)
  A deep troll (D)
  2 unseen horrors (D)
  8 shining eyes (D)
  An oklob plant (D)
  2 kobold demonologists (D)
  A hornet (D)
  A slime creature (D)
  Sigmund (D)
  2 redbacks (D)
  A yak (D)
  6 floating eyes (D)
  7 necrophages (D)
  An ogre (D)
  8 jellies (D)
  Ijyb (D)
  2 ballistomycete spores (D)
48 creatures vanquished.

Notes
Turn   | Place    | Note
-------+----------+-------------------------------------------
     0 | D        | olmar the Deep Dwarf Earth Elementalist began the quest for
                  | the Orb.
     0 | D        | Reached XP level 1. HP: 15/15 MP: 3/3
     1 | D        | Noticed Ijyb
    14 | D        | Killed Ijyb
    14 | D        | Reached skill level 7 in Earth Magic
    14 | D        | Reached XP level 2. HP: 22/22 MP: 0/6
   137 | D        | Noticed an ogre
   139 | D        | Killed an ogre
   139 | D        | Reached skill level 10 in Earth Magic
   139 | D        | Reached XP level 3. HP: 28/28 MP: 4/8
   139 | D        | Reached XP level 4. HP: 36/36 MP: 5/10
   143 | D        | Noticed Sigmund
   148 | D        | Killed Sigmund
   148 | D        | Reached skill level 13 in Earth Magic
   148 | D        | Reached XP level 5. HP: 42/42 MP: 1/13
   161 | D        | Learned a level 5 spell: Lee's Rapid Deconstruction
   251 | D        | Found an ornate altar of the Wu Jian Council.
   251 | D        | Found a shimmering blue altar of Sif Muna.
   253 | D        | Found a radiant altar of Vehumet.
   255 | D        | Reached XP level 6. HP: 49/49 MP: 9/15
   297 | D        | Found Saepeo's Gadget Emporium.
   297 | D        | Found an ancient bone altar of Kikubaaqudgha.
   297 | D        | Found a hazy altar of Hepliaklqana.
   297 | D        | Found a stormy altar of Qazlal.
   297 | D        | Found a hide-covered altar of Uskayaw.
   297 | D        | Found a blossoming altar of Fedhas.
   297 | D        | Found a bloodstained altar of Trog.
   297 | D        | Found an iron altar of Okawaru.
   297 | D        | Found a basalt altar of Yredelemnul.
   297 | D        | Found a glowing golden altar of the Shining One.
   297 | D        | Found a snail-covered altar of Cheibriados.
   297 | D        | Found a sacrificial altar of Ru.
   297 | D        | Found a glowing silver altar of Zin.
   297 | D        | Found a shadowy altar of Dithmenos.
   297 | D        | Found a white marble altar of Elyvilon.
   297 | D        | Noticed a yak
   300 | D        | Killed a yak
   300 | D        | Reached skill level 14 in Earth Magic
   301 | D        | Found an opulent altar of Gozag.
   302 | D        | Found a sparkling altar of Nemelex Xobeh.
   305 | D        | Became a worshipper of Gozag Ym Sagoz the Greedy
   310 | D        | Bought a condenser vane (2/2) for 200 gold pieces
   406 | D        | Noticed Sonja
   408 | D        | Killed Sonja
   408 | D        | Reached skill level 16 in Earth Magic
   408 | D        | Reached XP level 7. HP: 43/55 MP: 6/19
   408 | D        | Reached XP level 8. HP: 49/62 MP: 6/21
   428 | D        | Found Aborol's Magic Scroll Boutique.
   436 | D        | Bought a scroll of remove curse for 42 gold pieces
   436 | D        | Bought a scroll of fear for 49 gold pieces
   439 | D        | Noticed a shining eye
   439 | D        | Noticed a shining eye
   439 | D        | Noticed a shining eye
   439 | D        | Noticed a shining eye
   439 | D        | Noticed a shining eye
   439 | D        | Noticed a shining eye
   440 | D        | Gained mutation: You are weak. (Str -2) [a shining eye]
   441 | D        | Reached skill level 17 in Earth Magic
   441 | D        | Paralysed by a floating eye for 2 turns
   442 | D        | Gained mutation: Your spells are a little easier to cast,
                  | but a little less powerful. [a shining eye]
   442 | D        | Noticed a shining eye
   443 | D        | Gained mutation: Scrolls take you a little longer to read.
                  | [a shining eye]
   444 | D        | Noticed a shining eye
   446 | D        | Reached skill level 10 in Spellcasting
   446 | D        | Reached skill level 1 in Evocations
   446 | D        | Lost mutation: You are weak. (Str -2) [a shining eye]
   446 | D        | Paralysed by a floating eye for 3 turns
   447 | D        | Gained mutation: Armour fits poorly on your strangely
                  | shaped body. [a shining eye]
   447 | D        | Gained mutation: Scrolls take you longer to read. [a
                  | shining eye]
   447 | D        | Gained mutation: You occasionally shout uncontrollably at
                  | your foes. [a shining eye]
   451 | D        | Gained mutation: Potions are less effective at restoring
                  | your health. [a shining eye]
   451 | D        | Gained mutation: You are clumsy. (Dex -2) [a shining eye]
   452 | D        | Killed a shining eye
   452 | D        | Reached skill level 18 in Earth Magic
   452 | D        | Killed a shining eye
   452 | D        | Gained mutation: You passively map the area around you.
                  | [Deep Dwarf growth]
   452 | D        | Reached XP level 9. HP: 53/68 MP: 11/24
   452 | D        | Gained mutation: You are frail. (-10% HP) [a shining eye]
   453 | D        | Killed a shining eye
   453 | D        | Reached skill level 19 in Earth Magic
   453 | D        | Gained mutation: You are dopey. (Int -2) [a shining eye]
   456 | D        | Killed a shining eye
   457 | D        | Gained mutation: Scrolls take you much longer to read. [a
                  | shining eye]
   458 | D        | Paralysed by a floating eye for 3 turns
   458 | D        | Gained mutation: You are covered in fur. (AC +1) [a shining
                  | eye]
   460 | D        | Gained mutation: You are weak. (Str -2) [a shining eye]
   461 | D        | Gained mutation: Your body sometimes deteriorates upon
                  | taking damage. [a shining eye]
   461 | D        | Gained mutation: You tend to lose your temper in combat. [a
                  | shining eye]
   464 | D        | Paralysed by a floating eye for 2 turns
   466 | D        | Gained mutation: You are very dopey. (Int -4) [a shining
                  | eye]
   473 | D        | Killed a shining eye
   474 | D        | Killed a shining eye
   474 | D        | Reached skill level 20 in Earth Magic
   475 | D        | Killed a shining eye
   475 | D        | Reached XP level 10. HP: 58/67 MP: 14/27
   479 | D        | Killed a shining eye
   501 | D        | Found Voasaito's Magic Scroll Shop.
   501 | D        | Found Ypost's Jewellery Shoppe.
   501 | D        | Found Guitast's Jewellery Boutique.
   501 | D        | Found Ydwynojom's Antique Armour Emporium.
   518 | D        | Bought a scroll of identify for 28 gold pieces
   525 | D        | Bought an uncursed amulet of magic regeneration for 390
                  | gold pieces
   587 | D        | Noticed a deep troll
   598 | D        | Killed a deep troll
   617 | D        | Found Petzikk's Armour Emporium.
   622 | D        | Bought a +0 helmet of intelligence for 149 gold pieces
   723 | D        | Found a burning altar of Makhleb.
   723 | D        | Found a viscous altar of Jiyva.
   723 | D        | Found a shimmering altar of Xom.
   723 | D        | Found a corrupted altar of Lugonu.
   727 | D        | Reached skill level 21 in Earth Magic
  1068 | D        | Learned a level 4 spell: Petrify
  1092 | D        | Noticed a centaur warrior
  1096 | D        | Noticed a centaur warrior
  1096 | D        | Killed a centaur warrior
  1103 | D        | Killed a centaur warrior
  1103 | D        | Reached skill level 22 in Earth Magic
  1180 | D        | Noticed an oklob plant
  1180 | D        | HP: 3/67 [acid (11)]
  1272 | D        | Killed an oklob plant
  1272 | D        | Reached skill level 1 in Transmutations
  1336 | D        | Reached XP level 11. HP: 72/72 MP: 23/29
  1338 | D        | Reached skill level 15 in Spellcasting
  1400 | D        | Killed an unseen horror
  1479 | D        | Killed an unseen horror
  1479 | D        | Reached skill level 23 in Earth Magic
  1565 | D        | Got a slimy war axe
  1566 | D        | Identified the +9 war axe of Symmetry {drain, rElec rF+
                  | Str-4} (You found it in the Dungeon)
  1570 | D        | Found Itroxt's Armour Shoppe.
  1570 | D        | Found Jeiwnudghigh's Antique Weapon Shop.
  1570 | D        | Found Wunotasch's Assorted Antiques.
  1572 | D        | Found Hoofroro's Armour Emporium.
  1572 | D        | Found Evuept's Distillery.
  1572 | D        | Found Mimem's General Store.
  1572 | D        | Found Peop's Weapon Boutique.
  1572 | D        | Found Fysiong's Antique Weapon Emporium.
  1572 | D        | Found Ughemyll's Antique Armour Shop.
  1572 | D        | Found Woum's Assorted Antiques.
  1575 | D        | Bought a +2 robe of cold resistance for 177 gold pieces
  1576 | D        | Found Loideb's General Store.
  1577 | D        | Found Icuw's Magic Scroll Emporium.
  1577 | D        | Found Ychakog's Book Boutique.
  1578 | D        | Bought a potion of flight for 30 gold pieces
  1578 | D        | Bought a potion of curing for 30 gold pieces
  1578 | D        | Bought a potion of heal wounds for 50 gold pieces
  1578 | D        | Bought a potion of heal wounds for 50 gold pieces
  1578 | D        | Bought a potion of heal wounds for 50 gold pieces
  1578 | D        | Found Waosh's Distillery.
  1582 | D        | Bought a pair of runed boots for 187 gold pieces
  1582 | D        | Bought the +0 pair of fencer's gloves {Riposte Dex+3} for
                  | 1000 gold pieces
  1582 | D        | Found the +0 pair of fencer's gloves {Riposte Dex+3}
  1583 | D        | Bought a shimmering robe for 182 gold pieces
  1585 | D        | Bought a scroll of amnesia for 45 gold pieces
  1588 | D        | Bought a potion of brilliance for 56 gold pieces
  1636 | D        | HP: 2/72 [demonic crawler (7)]
  1637 | D        | Slain by a demonic crawler

Illustrated notes

Levels and vault maps discovered:
D:        dungeon_sprint_1 [red_sonja_temple_1, red_sonja_temple_small_1]

Skill      XL: |  1  2  3  4  5  6  7  8  9 10 11 |
---------------+----------------------------------+-----
Spellcasting   | 3 4 6 9 11 13 14 15 | 15.6
Earth Magic    | 7 10 13 16 18 20 22 23 | 23.2
Evocations     | 2 3 4 |  4.3
Transmutations | 1 |  1.3
Dodging        | |  2.1
Stealth        | |  2.4

Action                   |  1- 3 |  4- 6 |  7- 9 | 10-12 || total
-------------------------+-------+-------+-------+-------++-------
Melee: Unarmed           |     9 |       |     8 |     1 ||    18
 Cast: Sandblast         |     4 |     5 |     6 |     5 ||    20
       Lee's Rapid Decon |       |     5 |     9 |    45 ||    59
       Petrify           |       |       |       |     2 ||     2
 Abil: Heal Wounds       |       |       |       |     5 ||     5
Evoke: Condenser vane    |       |       |     3 |     2 ||     5
       Wand              |       |       |     1 |     3 ||     4
  Use: Potion            |     2 |       |     2 |     5 ||     9
Armor: Robe              |       |       |       |     1 ||     1
Dodge: Dodged            |     5 |     1 |       |    15 ||    21

Table legend: (Time is in decaauts)
 A = Elapsed time spent in this place.
 B = Non-inter-level travel time spent in this place.
 C = Inter-level travel time spent in this place.
 D = Time resting spent in this place.
 E = Time spent auto-exploring this place.
 F = Levels seen in this place.
 G = Mean time per level.
                   A        B        C        D        E       F      G
               +--------+--------+--------+--------+--------+-----+--------+
         Total |   1628 |   1558 |     70 |    986 |      0 |   1 | 1628.0 |
       Dungeon |   1628 |   1558 |     70 |    986 |      0 |   1 | 1628.0 |
               +--------+--------+--------+--------+--------+-----+--------+

Top non-repeatable levels by time:
       D: 1628 daAuts
